 Dungeon Crawl Stone Soup version 0.28-a0-622-gbaef9634d7 (webtiles) character file.

Game seed: 330692507149066409

6492 ytrimaz the Cleaver (level 10, -1/90 HPs)
             Began as a Black Draconian Berserker on Oct 7, 2021.
             Was a High Priest of Trog.
             Slain by a death yak (10 damage)
             ... on level 9 of the Dungeon.
             The game lasted 00:16:13 (7674 turns).

ytrimaz the Cleaver (Black Draconian Berserker)     Turns: 7674, Time: 00:16:15

Health: -1/90      AC: 10    Str: 22    XL:     10   Next: 68%
Magic:  10/10      EV: 14    Int:  9    God:    Trog [*****.]
Gold:   479        SH:  0    Dex: 10    Spells: 9/9 levels left

rFire   . . .      SeeInvis +   r - +1 battleaxe
rCold   . . .      Faith    .   (shield currently unavailable)
rNeg    . . .      Spirit   .   (armour unavailable)
rPois   .          Reflect  .   (helmet restricted)
rElec   +          Harm     .   (no cloak)
rCorr   .          Rampage  .   l - +1 pair of gloves
Will    .....                   m - +0 pair of boots
Stlth   +.........              h - amulet of regeneration
HPRegen 1.25/turn               u - ring of see invisible
MPRegen 0.12/turn               (no ring)

@: no status effects
A: breathe lightning, AC +7, unfitting armour, electricity resistance,
cold-blooded
a: Breathe Lightning, Renounce Religion, Berserk, Trog's Hand, Brothers in Arms


You were on level 9 of the Dungeon.
You worshipped Trog.
Trog was extremely pleased with you.
You visited 1 branch of the dungeon, and saw 9 of its levels.
You also visited: Ossuary.

You collected 479 gold pieces.

Inventory:

Hand Weapons
 a - a +0 hand axe
 r - a +1 battleaxe (weapon)
Armour
 l - a +1 pair of gloves (worn)
 m - a +0 pair of boots (worn)
Jewellery
 h - an amulet of regeneration (around neck)
 u - a ring of see invisible (left hand)
Wands
 q - a wand of digging (10)
 z - a wand of iceblast (10)
Scrolls
 d - 2 scrolls of identify
 f - 2 scrolls of blinking
 g - 3 scrolls of teleportation
 j - a scroll of fear
 o - 2 scrolls of noise
 x - a scroll of magic mapping
 y - a scroll of fog {unknown}
Potions
 b - a potion of attraction {unknown}
 c - 2 potions of heal wounds
 e - 2 potions of curing
 i - 2 potions of mutation
 k - a potion of haste
 n - a potion of ambrosia
 p - 2 potions of invisibility
 s - 2 potions of might {unknown}
 t - a potion of berserk rage
 v - a potion of cancellation
 w - a potion of flight {unknown}


   Skills:
 + Level 8.7 Fighting
 + Level 13.0 Axes
 + Level 7.2 Dodging


You had 9 spell levels left.
You didn't know any spells.
Your spell library was empty.

Dungeon Overview and Level Annotations

Branches:
Dungeon (9/15)             Temple (0/1) D:6            Lair (0/6) D:9
Ossuary (visited)
    Orc: D:9-12

Altars:
Ashenzari
Cheibriados
Fedhas
Gozag
Okawaru
Uskayaw
Vehumet
Xom


Innate Abilities, Weirdness & Mutations

You can breathe wild blasts of lightning.
Your glossy black scales are hard. (AC +7)
You cannot fit into any form of body armour.
You are resistant to electric shocks. (rElec)
You are cold-blooded and may be slowed by cold attacks.


Message History

Unknown command.
The death yak gores you!!
You hit the death yak.
The death yak is lightly wounded.
The death yak gores you.
You slash the death yak! You tail-slap the death yak.
The death yak is lightly wounded.
The death yak completely misses you. x2
You hit the death yak.
You tail-slap the death yak, but do no damage.
The death yak is lightly wounded.
You hit the death yak but do no damage. The death yak gores you!
The death yak misses you. The death yak barely misses you.
You hit the death yak.
You tail-slap the death yak, but do no damage.
The death yak is lightly wounded.
You hit the death yak. The death yak closely misses you.
The death yak misses you.
You slice the death yak!!
The death yak is heavily wounded.
You hit the death yak but do no damage. The death yak gores you. x2
You barely miss the death yak.
You tail-slap the death yak, but do no damage.
The death yak is heavily wounded.
You hit the death yak. The death yak completely misses you.
The death yak gores you!
Unknown command.
You slash the death yak!
You tail-slap the death yak, but do no damage.
The death yak is heavily wounded.
You barely miss the death yak. The death yak closely misses you.
The death yak gores you!
You completely miss the death yak. You tail-slap the death yak.
The death yak is heavily wounded.
You hit the death yak but do no damage. The death yak gores you!!
* * * LOW HITPOINT WARNING * * *
The death yak gores you.
* * * LOW HITPOINT WARNING * * *
The death yak gores you!
You die...

######.####..#..........
#................##
#...........##.....
#.##...........####
#.##.......##'##
+.##.......#..#
#.##.......#..#
#Y##r......#..#
#.@YY......#..#
#######....#..#
#....#..# #....#..#
#.)..# #Y...# #....#
#....# #.##.#


You could see 3 death yaks and a quokka.

Vanquished Creatures
  A flayed ghost (D:8)
  Prince Ribbit (D:6)
  5 wraiths (D:8)
  2 fire bats (D:8)
  Eustachio (D:6)
  6 yaks (D:9)
  A black bear (D:6)
  3 orc warriors
  A sky beast (D:6)
  An ice beast (D:7)
  A necrophage (D:7)
  4 ogres (D:5)
  A centaur (D:7)
  3 phantoms (D:5)
  Blork the orc (D:4)
  3 bullfrogs (D:7)
  2 wyvern zombies (D:7)
  2 gnoll sergeants
  9 scorpions (Ossuary)
  A water moccasin skeleton (D:5)
  2 centaur zombies (Ossuary)
  A bullfrog zombie (D:6)
  2 hounds
  2 human zombies (Ossuary)
  6 orc priests
  A centaur skeleton (D:4)
  2 gnoll shamans
  5 iguanas (D:6)
  Jessica (D:2)
  3 bullfrog skeletons
  Terence (D:2)
  3 scorpion zombies (Ossuary)
  6 orc wizards
  4 mummies
  A howler monkey zombie (D:8)
  15 gnolls
  11 adders
  A howler monkey skeleton (D:4)
  A shadow imp (D:5)
  A white imp (D:6)
  An adder skeleton (D:4)
  3 worms
  5 dart slugs
  33 orcs
  5 endoplasms
  2 giant cockroaches
  8 goblins
  7 hobgoblins
  2 jackals (D:3)
  3 kobolds
  3 quokkas
  8 ball pythons
  18 bats
  5 frilled lizards
  A gnoll zombie (Ossuary)
  A goblin zombie (Ossuary)
  5 hobgoblin zombies
  4 kobold zombies (Ossuary)
  4 orc zombies
  6 rats
242 creatures vanquished.

Vanquished Creatures (collateral kills)
  An orc (D:5)
1 creature vanquished.

Grand Total: 243 creatures vanquished

Notes
Turn   | Place    | Note
-------+----------+-------------------------------------------
     0 | D:1      | ytrimaz the Draconian Berserker began the quest for the
                  | Orb.
     0 | D:1      | Reached XP level 1. HP: 19/19 MP: 1/1
   166 | D:1      | Reached XP level 2. HP: 26/26 MP: 2/2
   924 | D:2      | Noticed Jessica
   933 | D:2      | Killed Jessica
   934 | D:2      | Reached XP level 3. HP: 32/33 MP: 3/3
  1173 | D:2      | Reached ** piety under Trog
  1190 | D:2      | Reached XP level 4. HP: 30/40 MP: 4/4
  1274 | D:2      | Reached skill level 4 in Axes
  1494 | D:2      | Found a faded altar of an unknown god.
  1494 | D:2      | Noticed Terence
  1512 | D:2      | Killed Terence
  1940 | D:3      | Reached XP level 5. HP: 46/46 MP: 5/5
  2998 | D:4      | Reached skill level 5 in Axes
  3022 | D:4      | Reached *** piety under Trog
  3052 | D:4      | Noticed Blork the orc
  3062 | D:4      | Killed Blork the orc
  3063 | D:4      | Reached XP level 6. HP: 53/53 MP: 6/6
  3462 | D:5      | Entered Level 5 of the Dungeon
  3478 | D:5      | Reached skill level 6 in Axes
  3552 | D:5      | Your scales start taking on a glossy black colour.
  3552 | D:5      | Reached XP level 7. HP: 45/60 MP: 7/7
  3552 | D:5      | Gained mutation: You are resistant to electric shocks.
                  | (rElec) [Black Draconian growth]
  3613 | D:5      | Reached skill level 5 in Fighting
  3702 | D:5      | Reached skill level 7 in Axes
  3801 | D:5      | Reached XP level 8. HP: 45/69 MP: 8/8
  3840 | D:5      | Reached skill level 8 in Axes
  3874 | D:5      | Found a sand-covered staircase.
  3879 | Ossuary  | Entered an ossuary
  3928 | Ossuary  | Reached skill level 5 in Dodging
  3992 | Ossuary  | Reached **** piety under Trog
  4073 | Ossuary  | Reached skill level 9 in Axes
  4348 | D:5      | Reached XP level 9. HP: 72/78 MP: 9/9
  4359 | D:5      | Reached skill level 10 in Axes
  4781 | D:6      | Noticed Eustachio
  4807 | D:6      | Killed Eustachio
  4819 | D:6      | Found a staircase to the Ecumenical Temple.
  4978 | D:6      | Reached ***** piety under Trog
  5061 | D:6      | Noticed Prince Ribbit
  5071 | D:6      | Killed Prince Ribbit
  5358 | D:6      | Reached skill level 11 in Axes
  5970 | D:7      | Found an opulent altar of Gozag.
  6391 | D:7      | Reached XP level 10. HP: 68/88 MP: 10/10
  6582 | D:7      | Found a hide-covered altar of Uskayaw.
  6732 | D:8      | Identified the +6 hunting sling of Bankruptcy {venom, Str+3
                  | Int+2 SInv}
  6889 | D:8      | Found a radiant altar of Vehumet.
  6961 | D:8      | Found a shimmering altar of Xom.
  6991 | D:8      | Found an iron altar of Okawaru.
  6994 | D:8      | Found a runed translucent door.
  7015 | D:8      | Reached skill level 12 in Axes
  7044 | D:8      | Found a blossoming altar of Fedhas.
  7051 | D:8      | Found a snail-covered altar of Cheibriados.
  7063 | D:8      | Noticed a flayed ghost
  7111 | D:8      | Killed a flayed ghost
  7166 | D:8      | Found a broken altar of Ashenzari.
  7193 | D:8      | Found a radiant altar of Vehumet.
  7569 | D:9      | Reached skill level 13 in Axes
  7635 | D:9      | Noticed a death yak
  7637 | D:9      | Noticed a death yak
  7638 | D:9      | Found a staircase to the Lair.
  7640 | D:9      | Noticed a death yak
  7674 | D:9      | Slain by a death yak

Illustrated notes

Levels and vault maps discovered:
D:1:      dpeg_arrival_stonehenge_8_columns, layout_basic,
          kennysheep_pointless_box
D:2:      layout_basic, basic_ecumenical_altar, grunt_ministairs_7,
          uniq_jessica, uniq_terence
D:3:      layout_loops_corners
D:4:      layout_loops_ring, hangedman_abyss_or_decor_jellyfish_corner,
          uniq_blork_the_orc
D:5:      minmay_clustersquares, layout_loops_ring, nicolae_ossuary_entry_giza
D:6:      layout_basic, minmay_temple_entry_from_below_a, portal_sewer_entry_e,
          uniq_prince_ribbit1, uniq_eustachio
D:7:      layout_gridville, hangedman_feature_mirror
D:8:      due_megacathedral, layout_rooms, mainiacjoe_overflow_surrounded_room
D:9:      layout_stronghold, dpeg_lair_monsters, serial_park_tiny_pond,
          grunt_livestock, uniq_pikel

Skill      XL: |  1  2  3  4  5  6  7  8  9 10 |
---------------+-------------------------------+-----
Dodging        | 3 4 5 6 7 |  7.2
Fighting       | 4 5 6 7 8 |  8.7
Axes           | 4 5 6 7 9 11 13 | 13.0

Action                   |  1- 3 |  4- 6 |  7- 9 | 10-12 || total
-------------------------+-------+-------+-------+-------++-------
Melee: Hand axe          |    93 |   147 |       |       ||   240
       Tailslap          |    10 |    36 |    36 |    23 ||   105
       Battleaxe         |       |    50 |   318 |   121 ||   489
Invok: Berserk           |       |     2 |     3 |     3 ||     8
 Abil: Breathe Lightning |       |       |     5 |     1 ||     6
  Use: Scroll            |       |     6 |    15 |       ||    21
 Stab: Sleeping          |       |     1 |       |       ||     1
Armor: Skin              |    43 |    77 |   116 |    49 ||   285
Dodge: Dodged            |    85 |   146 |   254 |   124 ||   609

Table legend: (Time is in decaauts)
 A = Elapsed time spent in this place.
 B = Non-inter-level travel time spent in this place.
 C = Inter-level travel time spent in this place.
 D = Time resting spent in this place.
 E = Time spent auto-exploring this place.
 F = Levels seen in this place.
 G = Mean time per level.
                   A        B        C        D        E       F      G
               +--------+--------+--------+--------+--------+-----+--------+
         Total |   7930 |   7636 |    294 |     31 |   5253 |  10 |  793.0 |
       Dungeon |   7519 |   7225 |    294 |     31 |   5159 |   9 |  835.4 |
       Ossuary |    411 |    411 |      0 |      0 |     94 |   1 |  411.0 |
               +--------+--------+--------+--------+--------+-----+--------+

Top non-repeatable levels by time:
     D:7: 1047 daAuts
     D:3: 1014 daAuts
     D:6: 1000 daAuts
     D:8: 911 daAuts
     D:1: 908 daAuts
     D:2: 877 daAuts
     D:5: 872 daAuts
     D:4: 754 daAuts
 Ossuary: 411 daAuts
     D:9: 132 daAuts
